 Dungeon Crawl Stone Soup version 0.19.1 (webtiles) character file.

251764 Nydiazath the Imperceptible (level 18, -7/94 HPs)
             Began as a Spriggan Enchanter on Dec 19, 2016.
             Was the Champion of Okawaru.
             Mangled by a flail of crushing (12 damage)
             ... on level 2 of the Elven Halls.
             The game lasted 03:44:41 (54427 turns).

Nydiazath the Imperceptible (Spriggan Enchanter)   Turns: 54427, Time: 03:44:42

Health: -7/94      AC:  7    Str:  8    XL:     18   Next: 94%
Magic:  21/36      EV: 34    Int: 23    God:    Okawaru [******]
Gold:   3213       SH: 15    Dex: 18    Spells: 9 memorised, 14 levels left

rFire  . . .     SeeInvis +     C - +3 dagger
rCold  + . .     Gourm    .     i - +2 robe {MR+}
rNeg   + + .     Faith    .     c - +3 buckler {rN+}
rPois  .         Spirit   .     Z - +0 hat of the Harvest Moon {+Blink rElec rC+ Str+2}
rElec  +         Reflect  +     N - +2 cloak {+Inv}
rCorr  .         Harm     .     (gloves unavailable)
MR     ++++.                    (boots unavailable)
Stlth  +++++++++.               f - +4 amulet of reflection
                                M - ring of wizardry
                                m - ring of positive energy

@: lethally poisoned (-7 -> -14), slightly contaminated, invisible, very quick
A: unfitting armour, horns 1, see invisible, herbivore 3, speed 3, slow
metabolism 2, strong 1
a: Heroism, Finesse, Renounce Religion, Evoke Blink, Turn Visible
}: 2/15 runes: decaying, gossamer


You were on level 2 of the Elven Halls.
You worshipped Okawaru.
Okawaru was exalted by your worship.
You were very full.

You visited 7 branches of the dungeon, and saw 34 of its levels.
You also visited: Labyrinth and Ice Cave.

You collected 4071 gold pieces.
You spent 858 gold pieces at shops.

Inventory:

Hand Weapons
 h - a +9 dagger of piercing
 C - a +3 dagger (weapon)
Armour
 c - a +3 buckler of positive energy (worn)
 i - a +2 robe of magic resistance (worn)
 H - the +1 robe of Guyr {rC++}
   (You found it on level 7 of the Dungeon)

   It greatly protects you from cold.
 N - a +2 cloak of invisibility (worn)
 V - a +2 robe of the Archmagi
 Z - the +0 hat of the Harvest Moon (worn) {+Blink rElec rC+ Str+2}
   (You found it in a labyrinth)

   It affects your strength (+2).
   It protects you from cold.
   It insulates you from electricity.
   It lets you blink.
Jewellery
 f - a +4 amulet of reflection (around neck)
 m - a ring of positive energy (left hand)
 u - an uncursed ring of protection from fire
 x - an uncursed ring of poison resistance
 M - a ring of wizardry (right hand)
 O - an uncursed ring of resist corrosion
 S - an uncursed ring of protection from magic
Wands
 e - a wand of paralysis (2/24)
 p - a wand of flame (14/48)
 A - a wand of disintegration (12/24)
 F - a wand of iceblast (5/15)
 J - a wand of digging (18/24)
 R - a wand of teleportation (5/9)
Scrolls
 a - 4 scrolls of amnesia
 b - 2 scrolls of silence
 g - 16 scrolls of remove curse
 j - 6 scrolls of teleportation
 l - 3 scrolls of recharging
 r - a scroll of blinking
 y - 3 scrolls of magic mapping
 D - 6 scrolls of enchant weapon
 E - 9 scrolls of identify
 G - 2 scrolls of fear
 I - 5 scrolls of fog
Potions
 k - 5 potions of cure mutation
 n - 3 potions of cancellation
 q - 3 potions of ambrosia
 s - 5 potions of magic
 v - 5 potions of might
 w - 4 potions of brilliance
 z - 3 potions of resistance
 B - 10 potions of haste
 K - 6 potions of berserk rage
 L - 5 potions of agility
 W - a potion of heal wounds
 X - 2 potions of flight
Books
 o - a book of Callings

   Spells                             Type                      Level
   a - Summon Small Mammal            Summoning                    1
   b - Call Imp                       Summoning                    2
   c - Call Canine Familiar           Summoning                    3
   d - Summon Guardian Golem          Hexes/Summoning              3
   e - Summon Lightning Spire         Summoning/Air                4
   f - Summon Ice Beast               Ice/Summoning                4
 P - a book of Fire

   Spells                             Type                      Level
   a - Ignite Poison                  Fire/Transmutation/Poison    3
   b - Fireball                       Conjuration/Fire             5
   c - Bolt of Fire                   Conjuration/Fire             6
   d - Delayed Fireball               Conjuration/Fire             7
   e - Ring of Flames                 Charms/Fire                  7
 Q - a book of Party Tricks

   Spells                             Type                      Level
   a - Summon Butterflies             Summoning                    1
   b - Apportation                    Translocation                1
   c - Lesser Beckoning               Translocation                3
   d - Tukima's Dance                 Hexes                        3
   e - Alistair's Intoxication        Transmutation/Poison         5
   f - Invisibility                   Hexes                        6
 U - the Disquisition on Conjuration
   (You found it on level 1 of the Elven Halls)

   Spells                             Type                      Level
   a - Magic Dart                     Conjuration                  1
   b - Throw Frost                    Conjuration/Ice              2
   c - Throw Icicle                   Conjuration/Ice              4
   d - Bolt of Draining               Conjuration/Necromancy       5
Comestibles
 d - 13 bread rations


   Skills:
 + Level 10.2 Fighting
 - Level 10.0 Short Blades
 + Level 18.3 Dodging
 + Level 25.3 Stealth
 - Level 7.3 Shields
 + Level 13.1 Spellcasting
 - Level 13.8 Hexes
 - Level 7.9 Charms
 - Level 18.8 Translocations
 - Level 8.5 Evocations


You had 14 spell levels left.
You knew the following spells:

 Your Spells              Type           Power        Failure   Level  Hunger
b - Ensorcelled Hibernat  Hex/Ice        #####.       1%          2    None
c - Confuse               Hex            ######..     1%          3    None
d - Regeneration          Chrm/Necr      ####......   1%          3    None
e - Blink                 Tloc           N/A          0%          2    None
f - Shroud of Golubria    Chrm/Tloc      ######....   1%          2    None
g - Gell's Gravitas       Hex/Tloc       ######....   0%          3    None
h - Lesser Beckoning      Tloc           #######...   0%          3    None
i - Controlled Blink      Tloc           N/A          6%          8    #######
j - Tukima's Dance        Hex            ######..     1%          3    None


Dungeon Overview and Level Annotations

Branches:
Dungeon (15/15)            Temple (1/1) D:6            Lair (6/6) D:10
  Swamp (4/4) Lair:2       Spider (4/4) Lair:2        Slime (0/5) Lair:6
    Orc (2/2) D:11            Elf (2/3) Orc:2        Vaults (0/5) D:13
 Depths (0/5) D:15

Altars:
Ashenzari
Cheibriados
Dithmenos
Elyvilon
Fedhas
Gozag
Kikubaaqudgha
Makhleb
Nemelex Xobeh
Okawaru
Qazlal
Ru
Sif Muna
Trog
Vehumet
Xom
Yredelemnul
Zin
The Shining One
Beogh
Jiyva

Shops:
D:8 *   D:14 ::[*   Orc:2 *=([   Elf:2 :

Annotations:
Swamp:1 Kirke


Innate Abilities, Weirdness & Mutations

You are very small and have problems with some larger weapons.
You are too small for most types of armour.
You have supernaturally acute eyesight. (SInv)
You are a herbivore.
You cover ground extremely quickly.
You need consume almost no food.
You have a pair of small horns on your head.
Your muscles are strong. (Str +2)


Message History

You feel sick.
The short sword of venom completely misses you.
Things that are here:
a long sword; a chain mail; a dire flail You catch the helpless short sword of venom completely off-guard!
You spit the short sword of venom like a pig!!!
The short sword of venom falls from the air.
Okawaru accepts your kill.
You block the flail of crushing's attack.
You hit the flail of crushing but do no damage.
* * * LOW HITPOINT WARNING * * *
You feel sick.
You hit the flail of crushing but do no damage.
You headbutt the flail of crushing, but do no damage.
* * * LOW HITPOINT WARNING * * *
You feel sick.
You block the flail of crushing's attack.
You hit the flail of crushing but do no damage.
The flail of crushing hits you!
You die...

##......)....#......#
.#..................##
..............)...(##
..##...##...##.....##
##.# ##.####().o.## ###
## ### ##.....# #.#
##......# #.# #..)...##
#.# ##########)@...##
#.###.)'.#.)##(."..##
##.##...###.)#'......##
...#...⌠###)..'.......#
..[')...')#..('.).....#
...#).)⌠###...'.[.....#
##.##.))###..#'......##
#.###.)[))).##.....##
#.# ##########.(...##


You could see an orc warrior and 2 dancing weapons.

Vanquished Creatures
  Saint Roka (Elf:2)
  3 sphinxes (Elf:2)
  Frances (Swamp:2)
  3 thorn hunters
  Donald (Elf:1)
  An azure jelly (Swamp:4)
  Roxanne (Swamp:4)
  Louise (Swamp:2)
  The ghost of Britaniac the Thaumaturge, an adept GrEE of Vehumet (Orc:2)
  3 orc warlords (Orc:2)
  8 ghost moths
  3 entropy weavers
  6 emperor scorpions
  2 very ugly things (IceCv)
  A stone giant (Orc:1)
  The ghost of Tathariant the Bludgeoner, a journeyman MiBe of Trog (Lair:6)
  Nessos (Lair:5)
  A deep elf annihilator (Elf:1)
  5 spark wasps
  Snorg (D:10)
  3 minotaurs
  3 fire dragons
  A rakshasa (D:14)
  12 hydras
  3 vault guards (D:13)
  A hell beast (Elf:2)
  4 ice dragons
  A ghost crab (Swamp:3)
  13 dancing weapons
  A catoblepas (D:13)
  A queen ant (Lair:6)
  11 alligators
  A tengu warrior (D:14)
  8 death yaks
  Urug (D:10)
  3 orc high priests (Orc:2)
  10 spriggans
  14 deep elf knights
  4 unseen horrors
  5 swamp dragons
  5 hill giants
  A spriggan druid (Swamp:4)
  A lindwurm (Lair:6)
  A wizard (D:13)
  3 harpies (Elf:2)
  5 deep elf archers
  A necromancer (D:13)
  2 orc knights
  20 orb spiders
  23 wolf spiders
  6 orc sorcerers
  2 cyclopes
  37 deep elf magi
  7 elephants (Lair:6)
  7 manticores
  5 ice statues (IceCv)
  A guardian serpent (Lair:6)
  4 centaur zombies
  13 spiny frogs
  A gargoyle (D:15)
  3 black mambas
  10 torpor snails
  The ghost of dscm the Skirmisher, a novice OpSk (D:6)
  10 demonic crawlers
  5 freezing wraiths
  3 kobold demonologists
  4 tengu conjurers
  2 rime drakes
  13 yaktaurs
  An anaconda simulacrum (IceCv)
  5 komodo dragons
  6 trolls
  30 jumping spiders
  6 tyrant leeches
  29 hornets
  8 blink frogs
  23 slime creatures
  3 bog bodies
  9 hippogriffs
  Prince Ribbit (D:6)
  An air elemental (Elf:2)
  5 water elementals
  A shadow (Swamp:3)
  2 dire elephant simulacra (IceCv)
  28 tarantellas
  28 yaks
  71 redbacks
  A vampire (D:10)
  14 wyverns
  4 basilisks
  2 wraiths (D:11)
  A golden eye (shapeshifter) (D:15)
  19 humans (D:13)
  Menkaure (D:6)
  A hungry ghost (D:7)
  3 swamp worm simulacra (Swamp:4)
  5 hogs
  6 vampire mosquitoes
  2 harpy simulacra (IceCv)
  A mottled dragon (D:13)
  8 wargs
  3 insubstantial wisps (Swamp:4)
  5 soldier ants (Lair:6)
  18 swamp worms
  3 hell hounds (Elf:2)
  2 iron troll simulacra (IceCv)
  14 hydra simulacra
  7 porcupines
  12 ice beasts
  19 water moccasins
  39 orc warriors
  Duvessa (D:6)
  A swamp drake (Swamp:3)
  An ettin simulacrum (IceCv)
  A black bear (shapeshifter) (D:15)
  A hornet zombie (D:14)
  2 phantoms
  4 sky beasts
  An eye of draining (D:8)
  19 centaurs
  11 ogres
  18 crocodiles
  20 bullfrogs
  3 big kobolds
  A wyvern zombie (D:11)
  Dowan (D:6)
  A gnoll sergeant (D:5)
  A wyvern skeleton (D:8)
  6 scorpions
  7 killer bees
  23 wights
  5 electric eels
  3 howler monkeys
  A bullfrog zombie (D:8)
  6 crimson imps
  A quasit (D:6)
  4 centaur skeletons
  3 jellies
  A bullfrog skeleton (D:7)
  23 orc priests
  16 hounds
  3 iguanas
  Terence (D:2)
  17 orc wizards
  19 worker ants
  6 hell rats (Lair:4)
  The ghost of dscm the Charmwright, a weakling OpSk (D:3)
  A hound skeleton (D:9)
  A worker ant zombie (D:8)
  A howler monkey skeleton (D:4)
  15 gnolls
  22 adders
  5 shadow imps
  5 swamp drake simulacra (Swamp:4)
  An adder zombie (D:5)
  2 adder skeletons
  2 worms
  2 dart slugs
  9 leopard geckos
  81 orcs
  11 giant cockroaches
  6 goblins
  8 hobgoblins
  23 jackals
  5 quokkas
  2 ball pythons
  8 bats
  13 frilled lizards
  18 kobolds
  2 quokka skeletons
  11 rats
1275 creatures vanquished.

Vanquished Creatures (others)
  A spriggan druid (Swamp:4)
  A spiny frog (Swamp:4)
  A jumping spider (Spider:2)
  A hornet (Swamp:3)
  A spriggan (Swamp:3)
  A shadow (D:15)
  3 orc priests
  4 orcs
  4 briar patches (Swamp:2)
  9 fungi
  30 plants
  3 toadstools (Swamp:3)
59 creatures vanquished.

Grand Total: 1334 creatures vanquished

Notes
Turn   | Place    | Note
-------+----------+-------------------------------------------
     0 | D:1      | Nydiazath the Spriggan Enchanter began the quest for the Orb.
     0 | D:1      | Reached XP level 1. HP: 9/9 MP: 5/5
   253 | D:1      | Reached skill level 5 in Stealth
   253 | D:1      | Reached XP level 2. HP: 6/13 MP: 6/6
   257 | D:1      | Learned a level 2 spell: Ensorcelled Hibernation
  1443 | D:1      | Reached XP level 3. HP: 8/16 MP: 8/8
  1479 | D:1      | Learned a level 3 spell: Confuse
  1643 | D:2      | Found a sacrificial altar of Ru.
  1870 | D:2      | Reached skill level 6 in Stealth
  2376 | D:2      | Noticed Terence
  2395 | D:2      | Killed Terence
  2395 | D:2      | Reached XP level 4. HP: 20/21 MP: 9/9
  2441 | D:2      | Found an opulent altar of Gozag.
  2442 | D:2      | Found a snail-covered altar of Cheibriados.
  2705 | D:3      | Found a deep blue altar of Sif Muna.
  3103 | D:3      | Found a bloodstained altar of Trog.
  3272 | D:3      | Noticed dscm's ghost (weakling OpSk)
  3316 | D:3      | Killed dscm's ghost
  3316 | D:3      | Reached skill level 7 in Stealth
  3693 | D:4      | Reached XP level 5. HP: 24/24 MP: 10/10
  3734 | D:4      | Reached skill level 8 in Stealth
  3873 | D:4      | Reached XP level 6. HP: 14/28 MP: 0/11
  4613 | D:4      | Reached skill level 9 in Stealth
  4614 | D:4      | Reached skill level 5 in Short Blades
  5060 | D:4      | Found a glowing golden altar of the Shining One.
  5153 | D:4      | Reached XP level 7. HP: 32/32 MP: 10/12
  5554 | D:5      | Entered Level 5 of the Dungeon
  5722 | D:5      | Reached skill level 10 in Stealth
  5885 | D:5      | Reached skill level 5 in Dodging
  7136 | D:6      | Reached XP level 8. HP: 36/36 MP: 13/13
  7147 | D:6      | Noticed dscm's ghost (novice OpSk)
  7515 | D:6      | Noticed Menkaure
  7553 | D:6      | Killed Menkaure
  7553 | D:6      | Reached skill level 11 in Stealth
  7722 | D:6      | Noticed Duvessa
  7723 | D:6      | Noticed Dowan
  7724 | D:6      | Killed Duvessa
  7725 | D:6      | Found a staircase to the Ecumenical Temple.
  7735 | Temple   | Entered the Ecumenical Temple
  7744 | Temple   | Became a worshipper of Warmaster Okawaru
  7933 | D:6      | Killed Dowan
  7975 | D:6      | Noticed Prince Ribbit
  8152 | D:6      | Killed dscm's ghost
  8152 | D:6      | Reached skill level 12 in Stealth
  8239 | D:6      | Reached XP level 9. HP: 38/39 MP: 10/14
  8743 | D:6      | Killed Prince Ribbit
  8743 | D:6      | Reached * piety under Okawaru
  8868 | D:7      | Found a deep blue altar of Sif Muna.
  8876 | D:7      | Got a brightly glowing robe
  8896 | D:7      | Identified the cursed +1 robe of Guyr {rC++} (You found it on level 7 of the Dungeon)
  9067 | D:7      | Reached skill level 13 in Stealth
  9591 | D:7      | Reached skill level 10 in Dodging
 10345 | D:7      | Found a sparkling altar of Nemelex Xobeh.
 10447 | D:8      | Reached ** piety under Okawaru
 10810 | D:9      | Noticed a six-headed hydra
 11062 | D:8      | Found Kesoe's Assorted Antiques.
 11065 | D:8      | Bought a blue potion for 17 gold pieces
 11065 | D:8      | Bought a glowing cloak for 199 gold pieces
 11168 | D:8      | Found a shattered altar of Ashenzari.
 11422 | D:8      | Reached XP level 10. HP: 44/44 MP: 0/16
 11856 | D:9      | Reached skill level 14 in Stealth
 11924 | D:9      | Killed a six-headed hydra
 11924 | D:9      | Reached *** piety under Okawaru
 11970 | D:9      | Reached skill level 10 in Short Blades
 12000 | D:9      | Reached skill level 5 in Spellcasting
 12809 | D:9      | Reached skill level 15 in Stealth
 12879 | D:8      | Bought a glowing buckler for 199 gold pieces
 13273 | D:9      | Reached skill level 1 in Shields
 13314 | D:9      | Identified Bipref's Compendium of Earth
 13685 | D:10     | Entered Level 10 of the Dungeon
 13685 | D:10     | Noticed Snorg
 13786 | D:9      | Noticed an unseen horror
 13806 | D:9      | Killed an unseen horror
 13806 | D:9      | Reached **** piety under Okawaru
 13825 | D:10     | Killed Snorg
 13959 | D:10     | Reached XP level 11. HP: 47/47 MP: 17/23
 14022 | D:10     | Noticed a hill giant
 14237 | D:10     | Noticed Urug
 14248 | D:10     | Killed Urug
 14257 | D:10     | Reached skill level 16 in Stealth
 14618 | D:10     | Found a staircase to the Lair.
 14947 | D:10     | Reached ***** piety under Okawaru
 15121 | D:10     | Killed a hill giant
 15692 | D:11     | Found a staircase to the Orcish Mines.
 15718 | D:11     | Reached skill level 17 in Stealth
 15854 | D:11     | Noticed a hill giant
 16065 | D:11     | Killed a hill giant
 16065 | D:11     | Received a gift from Okawaru
 16268 | D:11     | Noticed an unseen horror
 16275 | D:11     | Killed an unseen horror
 16275 | D:11     | Reached skill level 5 in Shields
 16801 | D:11     | Noticed a hill giant
 16833 | D:11     | Killed a hill giant
 17197 | D:11     | Noticed a hill giant
 17204 | D:11     | HP: 1/47 [manticore (13)]
 17425 | D:11     | Killed a hill giant
 17425 | D:11     | Reached skill level 18 in Stealth
 17425 | D:11     | Reached XP level 12. HP: 46/51 MP: 23/25
 18495 | D:12     | Found a labyrinth entrance.
 18504 | Lab      | Entered a labyrinth
 18926 | Lab      | Noticed a minotaur
 19019 | Lab      | Killed a minotaur
 19087 | Lab      | Identified the Reference Book on Earthen Unholy Magic
 19088 | Lab      | Got a shimmering golden ring
 19089 | Lab      | Got an encrusted hat
 19100 | Lab      | Identified the cursed +0 hat of the Harvest Moon {+Blink rElec rC+ Str+2} (You found it in a labyrinth)
 19103 | Lab      | Identified the ring "Sanamyeg" {*Slow rElec rN+ Str+3 SInv} (You found it in a labyrinth)
 19345 | D:13     | Noticed a catoblepas
 19347 | D:13     | Killed a catoblepas
 19347 | D:13     | Received a gift from Okawaru
 19375 | D:13     | Learned a level 3 spell: Regeneration
 20055 | D:13     | Reached skill level 1 in Evocations
 20064 | D:13     | Reached skill level 1 in Fighting
 20200 | D:13     | Noticed a death yak
 20201 | D:13     | Noticed a death yak
 20674 | D:13     | Reached skill level 5 in Hexes
 20757 | D:13     | Reached ****** piety under Okawaru
 20871 | D:13     | Received a gift from Okawaru
 21013 | D:13     | Found a gate to the Vaults.
 21013 | D:13     | Noticed a vault guard
 21013 | D:13     | Noticed a vault guard
 21013 | D:13     | Noticed a vault guard
 21041 | D:13     | Killed a vault guard
 21041 | D:13     | Reached skill level 19 in Stealth
 21041 | D:13     | Reached skill level 5 in Evocations
 21066 | D:13     | Killed a vault guard
 21119 | D:13     | Killed a vault guard
 21119 | D:13     | Received a gift from Okawaru
 21119 | D:13     | Reached XP level 13. HP: 60/60 MP: 9/26
 21555 | D:14     | Found Rawk's Armour Shoppe.
 21568 | D:14     | Found Fatai's Book Boutique.
 21862 | D:14     | Found Qenledgha's General Store.
 21867 | D:14     | Bought a scroll of identify for 26 gold pieces
 21867 | D:14     | Bought a potion of cancellation for 104 gold pieces
 21867 | D:14     | Bought 5 fruits for 97 gold pieces
 21878 | D:14     | Gained mutation: You are clumsy. (Dex -2) [potion of mutation]
 21878 | D:14     | Gained mutation: You are frail. (-10% HP) [potion of mutation]
 21878 | D:14     | Gained mutation: You are somewhat resistant to further mutation. [potion of mutation]
 21879 | D:14     | Lost mutation: You are clumsy. (Dex -2) [potion of cure mutation]
 21879 | D:14     | Lost mutation: You are somewhat resistant to further mutation. [potion of cure mutation]
 21879 | D:14     | Lost mutation: You are frail. (-10% HP) [potion of cure mutation]
 21880 | D:14     | Gained mutation: You have a pair of small horns on your head. [potion of beneficial mutation]
 22133 | D:14     | Found Qewk's Book Emporium.
 22294 | D:15     | Entered Level 15 of the Dungeon
 22345 | D:15     | Received a gift from Okawaru
 22860 | D:15     | Learned a level 2 spell: Blink
 22863 | D:15     | Learned a level 2 spell: Shroud of Golubria
 23174 | D:15     | Noticed a fire dragon
 23211 | D:15     | Killed a fire dragon
 23211 | D:15     | Reached skill level 1 in Translocations
 23269 | D:15     | Found a staircase to the Depths.
 23603 | D:13     | Noticed a minotaur
 23672 | D:13     | Reached skill level 5 in Fighting
 23734 | D:13     | Killed a minotaur
 23734 | D:13     | Received a gift from Okawaru
 23749 | D:13     | Reached skill level 5 in Translocations
 23758 | D:13     | Noticed a minotaur
 23831 | D:13     | Reached skill level 20 in Stealth
 23996 | D:13     | Killed a minotaur
 24458 | D:13     | Learned a level 3 spell: Gell's Gravitas
 24679 | Lair:1   | Entered Level 1 of the Lair of Beasts
 25656 | Lair:2   | Found a hole to the Spider Nest.
 25683 | Lair:2   | Reached XP level 14. HP: 30/68 MP: 23/27
 26133 | Lair:2   | Found a staircase to the Swamp.
 28295 | Lair:5   | Noticed Nessos
 28305 | Lair:5   | Killed Nessos
 28969 | Lair:6   | Entered Level 6 of the Lair of Beasts
 29270 | Lair:6   | Reached skill level 10 in Translocations
 29353 | Lair:6   | Noticed Tathariant's ghost (journeyman MiBe)
 29421 | Lair:6   | Killed Tathariant's ghost
 29421 | Lair:6   | Reached skill level 10 in Hexes
 29554 | Lair:6   | Reached skill level 1 in Charms
 29643 | Lair:6   | Noticed an entropy weaver
 29776 | Lair:6   | Noticed an entropy weaver
 29799 | Lair:6   | Killed an entropy weaver
 29955 | Lair:6   | Killed an entropy weaver
 29955 | Lair:6   | Received a gift from Okawaru
 30236 | Lair:6   | Found a viscous altar of Jiyva.
 30236 | Lair:6   | Found a staircase to the Slime Pits.
 30696 | Lair:6   | Gained mutation: Your muscles are strong. (Str +2) [potion of mutation]
 30696 | Lair:6   | Gained mutation: Your magical capacity is low. (-10% MP) [potion of mutation]
 30696 | Lair:6   | Lost mutation: Your magical capacity is low. (-10% MP) [potion of mutation]
 30889 | Lair:6   | Reached skill level 21 in Stealth
 31469 | Lair:6   | Reached skill level 5 in Charms
 31593 | Lair:6   | Received a gift from Okawaru
 31613 | Lair:6   | Learned a level 3 spell: Lesser Beckoning
 32190 | Lair:6   | Paralysed by a hornet for 3 turns
 32397 | Lair:6   | Reached XP level 15. HP: 73/75 MP: 25/29
 32673 | Lair:6   | Found a runed door.
 33331 | Orc:1    | Entered Level 1 of the Orcish Mines
 33340 | Orc:1    | Found a roughly hewn altar of Beogh.
 33847 | Orc:2    | Entered Level 2 of the Orcish Mines
 33847 | Orc:2    | Found a staircase to the Elven Halls.
 33847 | Orc:2    | Noticed an orc warlord
 33955 | Orc:2    | Killed an orc warlord
 33955 | Orc:2    | Received a gift from Okawaru
 33980 | Orc:1    | Reached skill level 10 in Spellcasting
 34275 | Orc:2    | Found a bloodstained altar of Trog.
 34306 | Orc:2    | Found Baonerphe's Antique Weapon Shop.
 34409 | Orc:2    | Identified a scroll of acquirement
 34442 | Orc:2    | Learned a level 8 spell: Controlled Blink
 34481 | Orc:2    | Found Meeneset's General Store.
 34510 | Orc:2    | Bought 2 potions of heal wounds for 120 gold pieces
 34510 | Orc:2    | Bought a scroll of identify for 24 gold pieces
 34510 | Orc:2    | Bought 3 fruits for 54 gold pieces
 34510 | Orc:2    | Bought a slice of pizza for 18 gold pieces
 34553 | Orc:2    | Noticed Britaniac's ghost (adept GrEE)
 34570 | Orc:2    | Noticed an orc warlord
 34581 | Orc:2    | Killed Britaniac's ghost
 34589 | Orc:2    | Killed an orc warlord
 34591 | Orc:2    | Found Gunab's Jewellery Shoppe.
 34712 | Orc:2    | Noticed an orc warlord
 34720 | Orc:2    | Killed an orc warlord
 34720 | Orc:2    | Received a gift from Okawaru
 34941 | Orc:1    | Received a gift from Okawaru
 34947 | Orc:1    | Got a transparent hat {god gift}
 34958 | Orc:1    | Identified the +4 hat of Hedge Wizardry {Str+4} (Okawaru gifted it to you on level 1 of the Orcish Mines)
 35306 | Orc:2    | Found Coureo's Antique Armour Shop.
 35725 | Swamp:1  | Entered Level 1 of the Swamp
 35805 | Swamp:1  | Found a frozen archway.
 35859 | Swamp:1  | Reached skill level 22 in Stealth
 36402 | IceCv    | Entered an ice cave
 37651 | Swamp:1  | Reached XP level 16. HP: 83/83 MP: 1/31
 37847 | Swamp:2  | Noticed Louise
 37848 | Swamp:2  | Killed Louise
 37898 | Swamp:2  | Noticed Frances
 38147 | Swamp:2  | Received a gift from Okawaru
 38205 | Swamp:2  | Killed Frances
 38702 | Swamp:3  | Received a gift from Okawaru
 38853 | Swamp:3  | Noticed Kirke
 38916 | Swamp:3  | Noticed a thorn hunter
 39677 | Swamp:3  | Noticed a thorn hunter
 40007 | Swamp:1  | Noticed a sphinx
 40262 | Swamp:2  | Killed a thorn hunter
 40401 | Swamp:3  | Killed a thorn hunter
 40412 | Swamp:3  | Reached skill level 15 in Translocations
 40788 | Swamp:3  | Noticed a thorn hunter
 40836 | Swamp:3  | Killed a thorn hunter
 41094 | Swamp:3  | Learned a level 3 spell: Tukima's Dance
 41309 | Swamp:4  | Entered Level 4 of the Swamp
 41313 | Swamp:4  | Received a gift from Okawaru
 41325 | Swamp:4  | Noticed Roxanne
 41342 | Swamp:4  | Killed Roxanne
 41590 | Swamp:3  | HP: 3/84 [swamp worm (14)]
 42326 | Swamp:4  | Reached skill level 23 in Stealth
 42515 | Swamp:4  | Reached skill level 15 in Dodging
 43152 | Swamp:4  | Received a gift from Okawaru
 43664 | Swamp:4  | Got a decaying rune of Zot
 43850 | Swamp:1  | Received a gift from Okawaru
 43930 | Spider:1 | Entered Level 1 of the Spider Nest
 44497 | Spider:2 | Reached XP level 17. HP: 88/88 MP: 25/32
 45253 | Spider:2 | Reached skill level 10 in Fighting
 45989 | Spider:3 | Received a gift from Okawaru
 46309 | Spider:3 | HP: 4/89 [poisoned by an emperor scorpion]
 46704 | Spider:4 | Entered Level 4 of the Spider Nest
 47442 | Spider:4 | Reached skill level 24 in Stealth
 48228 | Spider:4 | Received a gift from Okawaru
 48403 | Spider:4 | Got a gossamer rune of Zot
 48444 | Spider:4 | Reached XP level 18. HP: 77/94 MP: 0/34
 49217 | Elf:1    | Entered Level 1 of the Elven Halls
 49414 | Elf:1    | Found an ancient bone altar of Kikubaaqudgha.
 49534 | Elf:1    | Identified the Disquisition on Conjuration
 49672 | Elf:1    | Noticed Donald
 49679 | Elf:1    | HP: 3/94 [Donald/eveningstar of holy wrath (22)]
 50684 | Elf:1    | Killed Donald
 51178 | Elf:2    | Found Ucasch's Book Shop.
 51301 | Elf:2    | Received a gift from Okawaru
 51704 | Elf:2    | Received a gift from Okawaru
 52178 | Elf:2    | Reached skill level 25 in Stealth
 52252 | Elf:2    | Found a huge runed gate.
 52252 | Elf:2    | Found a huge runed gate.
 52252 | Elf:2    | Found a huge runed gate.
 52253 | Elf:2    | Found a huge runed gate.
 52274 | Elf:2    | Found a huge runed gate.
 53067 | Elf:2    | Noticed Saint Roka
 53197 | Elf:2    | HP: 3/94 [Saint Roka/long sword of protection (33)]
 53568 | Elf:2    | Killed Saint Roka
 54427 | Elf:2    | Mangled by a flail of crushing

Skill      XL: |  1  2  3  4  5  6  7  8  9 10 11 12 13 14 15 16 17 18 |
---------------+-------------------------------------------------------+-----
Stealth        | 5 6 7 8 9 10 12 13 15 18 19 20 21 22 23 24 25 | 25.3
Short Blades   | 2 3 4 5 6 7 9 10 | 10.0
Dodging        | 5 8 10 11 13 15 16 18 | 18.3
Spellcasting   | 3 7 8 9 10 11 13 | 13.1
Shields        | 2 5 7 |  7.3
Hexes          | 6 9 10 11 12 13 | 13.8
Evocations     | 5 8 |  8.5
Fighting       | 3 5 7 8 9 10 | 10.2
Translocations | 7 10 13 16 18 | 18.8
Charms         | 6 7 |  7.9

Action                   |  1- 3 |  4- 6 |  7- 9 | 10-12 | 13-15 | 16-18 || total
-------------------------+-------+-------+-------+-------+-------+-------++-------
Melee: Dagger            |   203 |   212 |   643 |   856 |  1502 |  1028 ||  4444
       Headbutt          |       |       |       |       |   279 |   125 ||   404
 Cast: Ensorcelled Hiber |     9 |    23 |    86 |   240 |   169 |   260 ||   787
       Confuse           |     1 |     2 |    21 |   120 |   315 |   332 ||   791
       Shroud of Golubri |       |       |       |       |     6 |     2 ||     8
       Blink             |       |       |       |       |     4 |     1 ||     5
       Gell's Gravitas   |       |       |       |       |     1 |       ||     1
       Corona            |       |       |       |       |     4 |     7 ||    11
       Regeneration      |       |       |       |       |     3 |    13 ||    16
       Controlled Blink  |       |       |       |       |       |     3 ||     3
Invok: Heroism           |       |       |       |       |     4 |     5 ||     9
 Abil: Evoke Invisibilit |       |       |       |     1 |    14 |    24 ||    39
       Evoke Blink       |       |       |       |       |     2 |       ||     2
Evoke: Wand              |       |       |       |     1 |     7 |    35 ||    43
  Use: Scroll            |       |     2 |     1 |    14 |    23 |    18 ||    58
       Potion            |       |     1 |       |     2 |    12 |     9 ||    24
 Stab: Sleeping          |    17 |    33 |    67 |   121 |   157 |   216 ||   611
       Distracted        |     1 |     1 |     3 |     9 |    11 |     9 ||    34
       Confused          |     1 |       |     8 |    58 |   136 |   115 ||   318
       Invisible         |       |       |       |       |    84 |    72 ||   156
       Paralysed         |       |       |       |       |     1 |       ||     1
  Eat: Bread ration      |       |     1 |     3 |     2 |       |     4 ||    10
       Fruit             |       |       |     1 |     3 |    15 |    15 ||    34
       Pizza             |       |       |       |     3 |     3 |       ||     6
       Royal jelly       |       |       |       |     1 |     2 |     1 ||     4
Armor: Robe              |    26 |    23 |    46 |    57 |    62 |    34 ||   248
Dodge: Dodged            |   178 |   141 |   504 |   720 |   929 |   888 ||  3360
Block: Buckler           |       |       |       |    97 |   429 |   485 ||  1011
       Reflection        |       |       |       |       |       |     7 ||     7
